 Dungeon Crawl Stone Soup version 0.21-a0-450-gd87a9b2 (webtiles) character file.

1384 slep the Slasher (level 8, -2/61 HPs)
             Began as a Demonspawn Monk on Nov 19, 2017.
             Killed from afar by an orc wizard (6 damage)
             ... with a magic dart
             ... on level 6 of the Dungeon.
             The game lasted 00:18:02 (3435 turns).

slep the Slasher (Demonspawn Monk)                  Turns: 3435, Time: 00:18:02

Health: -2/61      AC:  9    Str: 14    XL:     8   Next: 40%
Magic:  8/8        EV: 13    Int: 12    God:
Gold:   320        SH:  0    Dex: 15    Spells: 7/7 levels left

rFire    + . .     SeeInvis .   r - +2 morningstar (drain)
rCold    . . .     Gourm    .   (no shield)
rNeg     . . .     Faith    .   h - +0 ring mail
rPois    .         Spirit   .   (helmet restricted)
rElec    .         Reflect  .   D - +0 cloak
rCorr    .         Harm     .   (no gloves)
MR       .....                  (no boots)
Stlth    +.........             (no amulet)
HPRegen  0.20/turn              H - +3 ring of protection
MPRegen  0.11/turn              x - ring of protection from fire

@: no status effects
A: claws 1, hooves 1, horns 1, spiny 1
a: no special abilities


You were on level 6 of the Dungeon.
You were not hungry.

You visited 1 branch of the dungeon, and saw 6 of its levels.

You collected 320 gold pieces.

Inventory:

Hand Weapons
 a - a +0 falchion
 l - a cursed -1 dagger
 r - a +2 morningstar of draining (weapon)
 K - a +2 mace of venom
Missiles
 w - 8 needles of sleeping
 y - 4 silver javelins (quivered)
Armour
 b - a +0 robe
 h - a +0 ring mail (worn)
 m - a +2 plate armour of fire resistance
 D - a +0 cloak (worn)
 L - a cursed +0 ring mail
 M - a cursed -2 ring mail
Magical Staves
 E - an uncursed staff of power
Jewellery
 v - a +3 ring of intelligence
 x - a ring of protection from fire (right claw)
 A - an uncursed ring of stealth
 H - a +3 ring of protection (left claw)
Wands
 p - a wand of enslavement (10/24)
Scrolls
 g - 9 scrolls of identify {unknown}
 n - 2 scrolls of remove curse {unknown}
 o - 2 scrolls of immolation {unknown}
 t - 2 scrolls of noise {unknown}
 u - 4 scrolls of teleportation {unknown}
 C - a scroll of enchant armour {unknown}
 G - a scroll of fear {unknown}
Potions
 d - a potion of might {unknown}
 f - 2 potions of agility
 j - a potion of heal wounds {unknown}
 k - 2 potions of magic
 z - a potion of degeneration {unknown}
 B - a potion of curing {unknown}
 I - a potion of invisibility {unknown}
 J - a potion of brilliance {unknown}
Books
 e - a book of Changes

   Spells                             Type                      Level
   a - Beastly Appendage              Transmutation                1
   b - Sticks to Snakes               Transmutation                2
   c - Spider Form                    Transmutation/Poison         3
   d - Ice Form                       Ice/Transmutation            4
   e - Blade Hands                    Transmutation                5
Comestibles
 c - 3 bread rations
 i - a royal jelly
 q - 2 meat rations
 s - a fruit
 F - 6 chunks of flesh


   Skills:
 + Level 4.8 Fighting
 + Level 5.8 Long Blades
 + Level 3.7 Maces & Flails
 + Level 3.6 Armour
 + Level 4.5 Dodging
 + Level 3.0 Stealth


You had 7 spell levels left.
You didn't know any spells.

Dungeon Overview and Level Annotations

Branches:
Dungeon (6/15)
 Temple: D:4-7

Altars:
Ashenzari
Dithmenos
Gozag
Qazlal
Trog
Vehumet
Wu Jian
Yredelemnul
Zin

Shops:
D:4 (   D:5 }

Annotations:
D:5 Eustachio, Grinder


Innate Abilities, Weirdness & Mutations

You have sharp fingernails.
You have large cloven feet.
You have a pair of small horns on your head.
You are partially covered in sharp spines.


Message History

The orc wizard looks braver for a moment.
The centaur shoots an arrow.
The arrow hits you.
The orc wizard begins to cast a cantrip, but forgets the words!
You see here 10 arrows.
The centaur shoots an arrow.
The arrow hits you.
* * * LOW HITPOINT WARNING * * *
You see here an arrow.
The centaur shoots an arrow.
The arrow closely misses you.
The centaur shoots an arrow.
The arrow hits you but does no damage.
You see here 2 arrows.
The centaur shoots an arrow.
The arrow hits you!
* * * LOW HITPOINT WARNING * * *
The centaur shoots an arrow.
The arrow hits you.
* * * LOW HITPOINT WARNING * * *
You see here 2 arrows.
The centaur shoots an arrow.
The arrow barely misses you.
There is a stone staircase leading up here.
The orc wizard points at you and mumbles some strange words.
The magic dart hits you!
You die...

#.###.##.###..##.......##.##
#.......###o.##.#.###.# ...
#.##.##............##.# ###
#.##...#.c#..#..##.#
#...)...o.#........# #
#(##....o.......####
#.##.##..##.##.###.#
#.........(....# #.#
####.###..@....# #.# #.#
#.......# #.. ###.#
#.(.....# ##. #...#
#.......# .. #.### #.......#
.# #.# #.......# #.#
#.......# #.# ######### #.#


You could see 2 orc warriors, a centaur and an orc wizard.

Vanquished Creatures
  Sigmund (D:5)
  The ghost of badtown the Grave Robber, an amateur DDNe of Makhleb (D:3)
  2 phantoms (D:4)
  2 ogres (D:4)
  Blork the orc (D:5)
  A water moccasin zombie (D:6)
  2 scorpions (D:4)
  A hound (D:5)
  2 orc priests
  A jelly (D:6)
  An iguana (D:5)
  5 worker ants
  An orc wizard (D:4)
  A worker ant zombie (D:3)
  3 gnolls (D:2)
  10 adders
  An ooze (D:3)
  An adder skeleton (D:4)
  2 worms
  3 dart slugs
  3 leopard geckos (D:4)
  10 orcs
  8 bats
  8 giant cockroaches
  5 hobgoblins
  6 jackals
  9 frilled lizards
  13 goblins
  8 kobolds
  A quokka skeleton (D:5)
  4 rats
117 creatures vanquished.

Notes
Turn   | Place    | Note
-------+----------+-------------------------------------------
     0 | D:1      | slep the Demonspawn Monk began the quest for the Orb.
     0 | D:1      | Reached XP level 1. HP: 18/18 MP: 1/1
   163 | D:1      | Gained mutation: You are partially covered in sharp spines. [demonic ancestry]
   163 | D:1      | Reached XP level 2. HP: 18/24 MP: 2/2
   165 | D:1      | Reached skill level 3 in Long Blades
   517 | D:1      | Gained mutation: You have a pair of small horns on your head. [demonic ancestry]
   517 | D:1      | Reached XP level 3. HP: 29/29 MP: 3/3
   779 | D:2      | Gained mutation: You have large cloven feet. [demonic ancestry]
   779 | D:2      | Reached XP level 4. HP: 27/36 MP: 4/4
  1241 | D:3      | Reached skill level 4 in Long Blades
  1241 | D:3      | Reached skill level 1 in Armour
  1243 | D:3      | Reached XP level 5. HP: 36/42 MP: 5/5
  1457 | D:3      | Found a glowing silver altar of Zin.
  1457 | D:3      | Found an opulent altar of Gozag.
  1842 | D:3      | Noticed badtown's ghost (amateur DDNe)
  1861 | D:3      | Killed badtown's ghost
  1861 | D:3      | Gained mutation: You have sharp fingernails. [demonic ancestry]
  1861 | D:3      | Reached XP level 6. HP: 48/48 MP: 6/6
  2067 | D:4      | Reached skill level 5 in Long Blades
  2117 | D:4      | Reached XP level 7. HP: 47/54 MP: 7/7
  2173 | D:4      | Found Leheneest's Weapon Boutique.
  2312 | D:4      | Reached skill level 1 in Maces & Flails
  2457 | D:4      | Found a shadowy altar of Dithmenos.
  2595 | D:5      | Entered Level 5 of the Dungeon
  2687 | D:5      | Found a basalt altar of Yredelemnul.
  2688 | D:5      | Found a bloodstained altar of Trog.
  2705 | D:5      | Found a shattered altar of Ashenzari.
  2705 | D:5      | Found a radiant altar of Vehumet.
  2707 | D:5      | Found a stormy altar of Qazlal.
  2708 | D:5      | Found an ornate altar of the Wu Jian Council.
  2746 | D:5      | Found Resimus's Gadget Shoppe.
  2918 | D:5      | Noticed Blork the orc
  2928 | D:5      | Killed Blork the orc
  2928 | D:5      | Reached XP level 8. HP: 44/61 MP: 8/8
  2945 | D:5      | Noticed Sigmund
  2952 | D:5      | Killed Sigmund
  3119 | D:5      | Noticed Eustachio
  3120 | D:5      | Noticed Grinder
  3433 | D:6      | HP: 3/61 [centaur/arrow (5)]
  3435 | D:6      | Killed from afar by an orc wizard

Vault maps used:
D:1:      mushboom_english_gardens, minmay_curled_crystal
D:2:      first_bread, st_stairs_11, kennysheep_path_1
D:3:      grunt_temple_overflow_gold_and_silver, minmay_cupped
D:4:      kennysheep_mini_moat, serial_shops, shop, amethyst_killhole,
          minmay_joined_circles
D:5:      grunt_temple_overflow_open, serial_shops, shop, uniq_grinder,
          uniq_eustachio, uniq_blork_the_orc, uniq_sigmund
D:6:      nicolae_ossuary_entry_monument, gup_sewer_entry_glass

Skill      XL: |  1  2  3  4  5  6  7  8 |
---------------+-------------------------+-----
Long Blades    | 3 4 5 |  5.8
Dodging        | 3 4 |  4.5
Stealth        | 2 3 |  3.0
Armour         | 1 2 3 |  3.6
Fighting       | 4 |  4.8
Maces & Flails | 2 3 |  3.7

Action                   |  1- 3 |  4- 6 |  7- 9 || total
-------------------------+-------+-------+-------++-------
Melee: Falchion          |    59 |   102 |       ||   161
       Headbutt          |     4 |    14 |    15 ||    33
       Kick              |       |    31 |    19 ||    50
       Morningstar       |       |    10 |    84 ||    94
Throw: Javelin           |       |       |     1 ||     1
  Use: Potion            |       |     4 |       ||     4
 Stab: Sleeping          |     3 |     1 |       ||     4
       Distracted        |       |     1 |       ||     1
  Eat: Chunk             |       |     4 |     4 ||     8
Armor: Robe              |     5 |       |       ||     5
       Ring mail         |    20 |    24 |    22 ||    66
       Skin              |       |    14 |       ||    14
Dodge: Dodged            |    28 |    54 |    59 ||   141
       Rpst.: Falchion   |     9 |    15 |       ||    24

Table legend:
 A = Spawn XP
 B = Non-spawn XP
 C = Spawn XP percentage of total XP
 D = Spawn monster count
 E = Non-spawn monster count
 F = Spawn count percentage of total count
 G = Total turns spent on level
                    A         B        C        D         E        F      G
               +---------+---------+-------+---------+---------+-------+---------
         Total |       0 |    1978 |   0.0 |       0 |     117 |   0.0 |  3435
               +---------+---------+-------+---------+---------+-------+---------
           D:1 |       0 |      44 |   0.0 |       0 |      26 |   0.0 |   728
           D:2 |       0 |     141 |   0.0 |       0 |      32 |   0.0 |   488
           D:3 |       0 |     245 |   0.0 |       0 |      15 |   0.0 |   781
           D:4 |       0 |     875 |   0.0 |       0 |      26 |   0.0 |   598
           D:5 |       0 |     428 |   0.0 |       0 |       6 |   0.0 |   558
           D:6 |       0 |     245 |   0.0 |       0 |      12 |   0.0 |   282
               +---------+---------+-------+---------+---------+-------+---------
